 Dungeon Crawl Stone Soup version 0.21-a0-472-g223bcb9 (webtiles) character file.

130 slep the Slasher (level 5, -4/28 HPs)
             Began as a Vine Stalker Monk on Nov 22, 2017.
             Slain by a phantom (6 damage)
             ... on level 4 of the Dungeon.
             The game lasted 00:08:56 (2140 turns).

slep the Slasher (Vine Stalker Monk)                Turns: 2140, Time: 00:08:57

Health: -4/28      AC:  3    Str: 15    XL:     5   Next: 14%
Magic:  0/6        EV: 13    Int: 10    God:
Gold:   118        SH:  0    Dex: 16    Spells: 4/4 levels left

rFire    . . .     SeeInvis .   a - +0 falchion
rCold    . . .     Gourm    .   (no shield)
rNeg     . . .     Faith    .   l - +0 leather armour
rPois    .         Spirit   +   (no helmet)
rElec    .         Reflect  .   (no cloak)
rCorr    .         Harm     .   (no gloves)
MR       .....                  (no boots)
Stlth    ++........             (no amulet)
HPRegen  0.49/turn              (no ring)
MPRegen  0.10/turn              (no ring)

@: no status effects
A: fangs 2, regeneration 1, magic shield, antimagic bite, no potion heal 3, rot
immunity
a: no special abilities


You were on level 4 of the Dungeon.
You were hungry.

You visited 1 branch of the dungeon, and saw 4 of its levels.

You collected 118 gold pieces.

Inventory:

Hand Weapons
 a - a +0 falchion (weapon)
Missiles
 d - 4 tomahawks (quivered)
Armour
 b - a +0 robe
 l - a +0 leather armour (worn)
Scrolls
 f - a scroll of remove curse {unknown}
 h - 2 scrolls of teleportation {unknown}
 k - 2 scrolls of enchant armour {unknown}
 m - a scroll of fog {unknown}
 n - 2 scrolls of identify {unknown}
Potions
 e - a potion of agility {unknown}
 g - 2 potions of degeneration {unknown}
 i - a potion of cancellation {unknown}
 o - a potion of invisibility {unknown}
Books
 j - a book of Misfortune

   Spells                             Type                      Level
   a - Confusing Touch                Hexes                        1
   b - Confuse                        Hexes                        3
   c - Gell's Gravitas                Translocation                3
   d - Petrify                        Transmutation/Earth          4
   e - Metabolic Englaciation         Hexes/Ice                    5
   f - Yara's Violent Unravelling     Hexes/Transmutation          5
Comestibles
 c - a bread ration
 p - a fruit
 q - a meat ration
 r - a royal jelly
 s - 3 chunks of flesh


   Skills:
 + Level 3.2 Fighting
 + Level 3.9 Long Blades
 + Level 0.5 Armour
 + Level 2.9 Dodging
 + Level 3.4 Stealth


You had 4 spell levels left.
You didn't know any spells.

Dungeon Overview and Level Annotations

Branches:
Dungeon (4/15)
 Temple: D:4-7

Altars:
Ashenzari

Annotations:
D:3 Natasha
D:4 Eustachio


Innate Abilities, Weirdness & Mutations

You have extremely sharp teeth.
Your natural rate of healing is unusually fast.
When hurt, damage is shared between your health and your magic reserves.
Your bite disrupts and absorbs the magic of your enemies.
Potions cannot restore your health.
You are immune to rotting.


Message History

The phantom is severely damaged.
The phantom misses you.
You riposte.
You barely miss the phantom.
The phantom is severely damaged.
You hit the phantom. You bite the phantom.
The phantom's magic leaks into the air.
You drain its magic.
You feel invigorated.
The phantom is almost destroyed.
The phantom closely misses you.
You riposte.
You hit the phantom.
The phantom is almost destroyed.
You barely miss the phantom.
The phantom is almost destroyed.
You are feeling hungry.
The phantom barely misses you. The phantom hits you!
* * * LOW HITPOINT WARNING * * *
The phantom blinks!
The phantom blinks!
You hit the phantom but do no damage.
The phantom is almost destroyed.
The phantom hits you!
You die...

# #.#..
#.#.#.#.####.#.
.#.#.#....#...
........>.... #.
#.#.......... #.
#..ยง#........
#..#..?#.......#
#..#..@#.......#
#......W..%....#
###.##..........(.
#................l
##...............
#..#..###.......
#...............
#.##...##....... #
#...# ..)....


You could see a phantom.

Vanquished Creatures
  An orc priest (D:3)
  3 adders
  2 oozes
  2 leopard geckos
  5 orcs (D:3)
  6 giant cockroaches
  3 goblins
  7 hobgoblins
  3 jackals (D:3)
  11 kobolds
  A quokka (D:3)
  5 bats
  A frilled lizard (D:2)
  9 rats
  3 bushes (D:1)
62 creatures vanquished.

Vanquished Creatures (others)
  A plant (D:1)
1 creature vanquished.

Grand Total: 63 creatures vanquished

Notes
Turn   | Place    | Note
-------+----------+-------------------------------------------
     0 | D:1      | slep the Vine Stalker Monk began the quest for the Orb.
     0 | D:1      | Reached XP level 1. HP: 11/11 MP: 2/2
   271 | D:1      | Reached XP level 2. HP: 16/16 MP: 3/3
   563 | D:1      | Reached XP level 3. HP: 19/20 MP: 4/4
  1342 | D:2      | Found a shattered altar of Ashenzari.
  1710 | D:3      | Gained mutation: Your natural rate of healing is unusually fast. [Vine Stalker growth]
  1710 | D:3      | Reached XP level 4. HP: 13/24 MP: 3/5
  1898 | D:3      | Reached XP level 5. HP: 12/28 MP: 2/6
  2053 | D:3      | Noticed Natasha
  2092 | D:4      | Noticed a phantom
  2094 | D:4      | Noticed Eustachio
  2130 | D:4      | HP: 1/28 [phantom (3)]
  2137 | D:4      | HP: 1/28 [phantom (4)]
  2140 | D:4      | Slain by a phantom

Vault maps used:
D:1:      evilmike_arrival_plus, lexackson_kobold_supper
D:2:      ashenzari_altar_1
D:3:      st_stairs_1, uniq_natasha
D:4:      nicolae_overflow_crystal_walls, enter_ossuary_4, uniq_eustachio

Skill      XL: |  1  2  3 |
---------------+----------+-----
Long Blades    | 3 |  3.9
Fighting       | 3 |  3.2
Stealth        | 3 |  3.4
Armour         | |  0.5
Dodging        | |  2.9

Action                   |  1- 3 |  4- 6 || total
-------------------------+-------+-------++-------
Melee: Falchion          |   444 |    91 ||   535
       Bite              |   221 |    28 ||   249
 Stab: Sleeping          |     4 |     2 ||     6
  Eat: Chunk             |     4 |     1 ||     5
Armor: Robe              |    18 |       ||    18
       Leather armour    |     4 |    11 ||    15
Dodge: Dodged            |    75 |    62 ||   137
       Rpst.: Falchion   |    25 |    27 ||    52

Table legend:
 A = Spawn XP
 B = Non-spawn XP
 C = Spawn XP percentage of total XP
 D = Spawn monster count
 E = Non-spawn monster count
 F = Spawn count percentage of total count
 G = Total turns spent on level
                    A         B        C        D         E        F      G
               +---------+---------+-------+---------+---------+-------+---------
         Total |       0 |     187 |   0.0 |       0 |      59 |   0.0 |  2140
               +---------+---------+-------+---------+---------+-------+---------
           D:1 |       0 |      44 |   0.0 |       0 |      26 |   0.0 |  1125
           D:2 |       0 |      19 |   0.0 |       0 |       9 |   0.0 |   522
           D:3 |       0 |     111 |   0.0 |       0 |      23 |   0.0 |   433
           D:4 |       0 |      13 |   0.0 |       0 |       1 |   0.0 |    60
               +---------+---------+-------+---------+---------+-------+---------
